 Dungeon Crawl Stone Soup version 0.30.0-5-g1a98f26d00 (webtiles) character file.

Game seed: 16537813049799835853

23 sampeng1 the Chiller (level 3, -7/24 HPs)
             Began as a Human Ice Elementalist on May 9, 2023.
             Mangled by a gnoll
             ... wielding a +0 flail
              (9 damage)
             ... on level 1 of the Dungeon.
             The game lasted 00:04:38 (973 turns).

sampeng1 the Chiller (Human Ice Elementalist)        Turns: 973, Time: 00:04:39

Health: -7/24      AC:  3    Str:  8    XL:     3   Next: 12%
Magic:  6/6        EV: 12    Int: 17    God:
Gold:   44         SH:  0    Dex: 13    Spells: 5/6 levels left

rFire   . . .        d - +0 rapier
rCold   . . .        (no shield)
rNeg    . . .        a - +0 robe
rPois   .            e - +0 helmet
rElec   .            (no cloak)
rCorr   .            (no gloves)
SInv    .            (no boots)
Will    .....        (no amulet)
Stlth   ++           (no ring)
HPRegen 0.24/turn    (no ring)
MPRegen 0.10/turn

%: no passive effects
@: no status effects
A: no striking features
a: no special abilities


You were on level 1 of the Dungeon.
You visited 1 branch of the dungeon, and saw 2 of its levels.

You collected 44 gold pieces.

Inventory:

Hand Weapons
 c - a +0 short sword
 d - a +0 rapier (weapon)
 k - a +0 sling
Missiles
 m - 14 stones (quivered)
Armour
 a - a +0 robe (worn)
 e - a +0 helmet (worn)
Jewellery
 i - a ring of resist corrosion
Scrolls
 j - 3 scrolls of teleportation {unknown}
 l - 3 scrolls of immolation {unknown}
 o - a scroll of fear {unknown}
 p - a scroll of identify {unknown}
Potions
 b - a potion of magic
 f - a potion of berserk rage {unknown}
 g - a potion of might {unknown}
 h - 2 potions of curing {unknown}
 n - a potion of attraction {unknown}


   Skills:
 + Level 2.3 Dodging
 + Level 2.4 Stealth
 + Level 2.3 Spellcasting
 + Level 4.2 Ice Magic


You had 5 spell levels left.
You knew the following spells:

 Your Spells              Type           Power      Damage    Failure   Level
a - Freeze                Ice            64%        1d7       3%          1

Your spell library contained the following spells:

 Spells                   Type           Power      Damage    Failure   Level
 Frozen Ramparts          Ice            32%        1d5       10%         3
 Ozocubu's Armour         Ice            16%        N/A       10%         3
 Summon Ice Beast         Ice/Summ       9%         N/A       61%         4


Dungeon Overview and Level Annotations

Branches:
Dungeon (2/15)

Altars:


Message History

There is an open door here.
d - a +0 rapier (weapon)
The helpless endoplasm fails to defend itself.
You hit the endoplasm.
The endoplasm is heavily wounded.
The endoplasm closely misses you. The endoplasm misses you.
You hit the endoplasm.
You kill the endoplasm!
p - a scroll labelled BIRHAP QUREIFF Done exploring.
Done exploring.
There is a stone staircase leading down here.
You climb downwards.
Found a lumpy inky potion.
Found a stone staircase leading up.
There is a stone staircase leading up here.
The helpless gnoll fails to defend itself.
You hit the gnoll.
The gnoll is moderately wounded.
The gnoll hits you with a +0 flail!
The gnoll shouts!
You hit the gnoll but do no damage.
The gnoll is moderately wounded.
The gnoll hits you with a +0 flail!
* * * LOW HITPOINT WARNING * * *
The gnoll shouts!
The gnoll barely misses you. The gnoll closely misses you.
The gnoll misses you.
You climb upwards.
There is a stone staircase leading down here.
You completely miss the gnoll.
The gnoll is moderately wounded.
The gnoll hits you but does no damage. The gnoll closely misses you.
You hit the gnoll.
The gnoll is severely wounded.
The gnoll hits you but does no damage. The gnoll hits you with a +0 flail.
* * * LOW HITPOINT WARNING * * *
You hit the gnoll.
The gnoll is almost dead.
The gnoll misses you. The gnoll hits you with a +0 flail!
You die...

################### ##
#.................# .#
#.###############.# .# #.# #.# .#
#.# #.# .###.############# #.#
.'..............@###.############
.###.#.........g.g.#.............
## #.###########.#.##############
#.............................
#############.#.##############
#.#.# #.#.# #.#.# #.#.#


You could see 2 gnolls.

Vanquished Creatures
  2 ball pythons (D:1)
  4 endoplasms (D:1)
  2 goblins (D:1)
  3 hobgoblins (D:1)
  2 jackals (D:1)
  2 quokkas (D:1)
  A bat (D:1)
  A frilled lizard (D:1)
  A kobold (D:1)
  2 rats (D:1)
20 creatures vanquished.

Notes
Turn   | Place    | Note
-------+----------+-------------------------------------------
     0 | D:1      | sampeng1 the Human Ice Elementalist began the quest for the
                  | Orb.
     0 | D:1      | Reached XP level 1. HP: 13/13 MP: 3/3
   176 | D:1      | Reached XP level 2. HP: 15/19 MP: 5/5
   693 | D:1      | Reached XP level 3. HP: 24/24 MP: 6/6
   972 | D:1      | HP: 1/24 [gnoll/+0 flail (5)]
   973 | D:1      | Mangled by a gnoll

Illustrated notes

Levels and vault maps discovered:
D:1:      lemuel_arrival_hallway, layout_basic
D:2:      layout_loops_corners, uniq_terence

Action                     || total
---------------------------++-------
  Melee: Rapier            ||    45
         Unarmed           ||     7
   Fire: Sling             ||     8
   Cast: Freeze            ||     8
   Stab: Sleeping          ||     3
 Armour: Robe              ||    17
  Dodge: Dodged            ||    40
